[ AOE2 MATCH · #466798003 ]
UnrankedPersians vs Armenians
[ REPLAY ANALYSIS · EXTRACTED FROM THE RECORDED GAME ]
Feudal
10:54
Castle
16:02
Imperial
30:56
| APM avg | 25.8 |
| APM peak | 57 |
| eAPM avg | 14.7 |
| Villagers / military | 135 / 172 |
Focus
⚔️ 29.1% · 🌾 70.9%
Knight ×165 · Trebuchet (Packed) ×7
Feudal
11:57
Castle
15:52
Imperial
35:59
| APM avg | 20.6 |
| APM peak | 40 |
| eAPM avg | 11.5 |
| Villagers / military | 135 / 157 |
Focus
⚔️ 33.9% · 🌾 66.1%
Skirmisher ×64 · Gbeto ×54 · Scout Cavalry ×35 · Trade Cart ×5 · Battering Ram ×4
Feudal
10:33
Castle
14:09
Imperial
26:07
| APM avg | 26.9 |
| APM peak | 70 |
| eAPM avg | 13.7 |
| Villagers / military | 67 / 160 |
Focus
⚔️ 35.1% · 🌾 64.9%
Militia ×124 · Spearman ×15 · Composite Bowman ×11 · Warrior Priest ×4 · Trebuchet (Packed) ×4 · Monk ×2
Feudal
10:46
Castle
14:45
Imperial
31:46
| APM avg | 38.8 |
| APM peak | 76 |
| eAPM avg | 19.8 |
| Villagers / military | 116 / 299 |
Focus
⚔️ 42.5% · 🌾 57.5%
Hand Cannoneer ×140 · Spearman ×136 · Hussite Wagon ×7 · Bombard Cannon ×7 · Battering Ram ×6 · Mangonel ×3
Feudal
10:59
Castle
14:32
Imperial
27:06
| APM avg | 34.8 |
| APM peak | 109 |
| eAPM avg | 21.3 |
| Villagers / military | 199 / 229 |
Focus
⚔️ 30.4% · 🌾 69.6%
Spearman ×141 · Hand Cannoneer ×58 · Bombard Cannon ×22 · Monk ×7 · Trebuchet (Packed) ×1
Feudal
10:25
Castle
16:49
Imperial
31:17
| APM avg | 36.9 |
| APM peak | 82 |
| eAPM avg | 15.6 |
| Villagers / military | 157 / 391 |
Focus
⚔️ 26.6% · 🌾 73.4%
Knight ×182 · Scout Cavalry ×160 · Archer ×40 · Trebuchet (Packed) ×5 · Monk ×4
Match map
Initial resources + every placement click. Lines = walls · curves = elevation contours. ◆ gold · ⬟ stone · ● berries · ✦ relic · ◌ wall gap
Your base· ✓ Closed at 16:02 · 0t walls · 3 gate(s)
PJtheDcoy's base· ✓ Closed at 15:52 · 0t walls · 2 gate(s)
[GDL] NEURON MX's base· ✓ Closed at 14:09 · 1t walls · 2 gate(s)
JustNobody's base· ✓ Closed at 14:45 · 1t walls · 3 gate(s)
Quando's base· ✓ Closed at 14:32 · 0t walls · 3 gate(s)
Black.Sanchez's base· ✓ Closed at 16:49 · 0t walls · 2 gate(s)
Smoothed initial terrain · ◌ = detected wall gap · hover for details
Inputs per minute
— Fr4ggi - - PJtheDcoy
Build order — Fr4ggi
First 150 of 391 actions detected
| 0:03 | Build | House |
| 0:06 | Build | House |
| 0:07 | Queue | Villager (Male) |
| 0:07 | Queue | Villager (Male) |
| 0:22 | Queue | Villager (Male) |
| 0:38 | Queue | Villager (Male) |
| 0:41 | Queue | Villager (Male) |
| 1:35 | Build | Lumber Camp |
| 1:38 | Queue | Villager (Male) |
| 2:06 | Queue | Villager (Male) |
| 3:06 | Queue | Villager (Male) |
| 3:07 | Queue | Villager (Male) |
| 3:37 | Queue | Villager (Male) |
| 3:37 | Queue | Villager (Male) |
| 3:55 | Build | House |
| 4:14 | Queue | Villager (Male) |
| 4:43 | Build | Mill |
| 4:52 | Queue | Villager (Male) |
| 4:52 | Queue | Villager (Male) |
| 5:21 | Queue | Villager (Male) |
| 5:31 | Queue | Villager (Male) |
| 5:42 | Build | House |
| 5:45 | Queue | Villager (Male) |
| 6:38 | Queue | Villager (Male) |
| 6:51 | Queue | Villager (Male) |
| 7:06 | Queue | Villager (Male) |
| 7:21 | Queue | Villager (Male) |
| 7:35 | Build | Farm |
| 8:07 | Queue | Villager (Male) |
| 8:18 | Build | Farm |
| 8:39 | Build | Mining Camp |
| 8:44 | Research | Feudal Age |
| 9:02 | Build | Farm |
| 9:16 | Build | House |
| 10:01 | Build | Farm |
| 10:32 | Build | Barracks |
| 10:34 | Build | House |
| 10:41 | Queue | Villager (Male) |
| 10:54 | Age | Feudal Age |
| 11:09 | Build | Blacksmith |
| 11:15 | Queue | Villager (Male) |
| 11:20 | Build | Farm |
| 11:42 | Build | Farm |
| 11:56 | Queue | Villager (Male) |
| 12:02 | Queue | Villager (Male) |
| 12:08 | Build | House |
| 12:28 | Build | Stable |
| 12:47 | Queue | Villager (Male) |
| 12:55 | Queue | Villager (Male) |
| 13:14 | Build | Farm |
| 13:36 | Research | Castle Age |
| 13:39 | Build | Farm |
| 14:21 | Research | Bloodlines |
| 14:29 | Research | Double-Bit Axe |
| 14:46 | Research | Horse Collar |
| 15:04 | Build | House |
| 15:24 | Build | Mining Camp |
| 15:31 | Build | Lumber Camp |
| 15:52 | Queue | Villager (Male) |
| 15:56 | Research | Wheelbarrow |
| 16:02 | Age | Castle Age |
| 16:07 | Research | Bow Saw |
| 16:21 | Queue | Villager (Male) |
| 16:21 | Queue | Villager (Male) |
| 16:41 | Build | Town Center |
| 16:45 | Queue | Villager (Male) |
| 16:53 | Queue | Knight |
| 17:48 | Queue | Knight |
| 18:02 | Queue | Villager (Male) |
| 18:12 | Queue | Villager (Male) |
| 18:13 | Queue | Villager (Male) |
| 18:18 | Build | Farm |
| 18:32 | Queue | Knight |
| 18:37 | Build | Farm |
| 18:40 | Queue | Villager (Male) |
| 18:46 | Queue | Villager (Male) |
| 18:46 | Queue | Villager (Male) |
| 18:54 | Build | House |
| 18:56 | Build | House |
| 18:58 | Build | House |
| 19:02 | Build | Farm |
| 19:17 | Build | Farm |
| 19:19 | Queue | Villager (Male) |
| 19:24 | Build | Farm |
| 19:25 | Queue | Villager (Male) |
| 19:33 | Build | Farm |
| 19:33 | Build | Farm |
| 19:43 | Build | Farm |
| 19:44 | Build | Farm |
| 19:46 | Queue | Villager (Male) |
| 19:46 | Queue | Villager (Male) |
| 19:59 | Build | Farm |
| 20:04 | Build | Farm |
| 20:06 | Build | Farm |
| 20:09 | Build | Farm |
| 20:10 | Queue | Villager (Male) |
| 20:10 | Queue | Villager (Male) |
| 20:14 | Build | Farm |
| 20:19 | Queue | Villager (Male) |
| 20:19 | Queue | Villager (Male) |
| 20:25 | Build | House |
| 20:27 | Build | House |
| 20:29 | Queue | Knight |
| 20:30 | Queue | Knight |
| 20:49 | Queue | Villager (Male) |
| 20:50 | Queue | Villager (Male) |
| 21:16 | Queue | Villager (Male) |
| 21:22 | Build | Farm |
| 21:28 | Queue | Villager (Male) |
| 21:36 | Queue | Villager (Male) |
| 21:45 | Build | Farm |
| 21:50 | Build | Farm |
| 22:18 | Build | Farm |
| 22:28 | Build | Farm |
| 22:31 | Research | Hand Cart |
| 22:43 | Build | House |
| 22:46 | Build | House |
| 23:00 | Queue | Villager (Male) |
| 23:01 | Queue | Villager (Male) |
| 23:03 | Queue | Villager (Male) |
| 23:03 | Queue | Villager (Male) |
| 23:34 | Build | Town Center |
| 23:59 | Research | Heavy Plow |
| 24:07 | Research | Forging |
| 24:11 | Research | Husbandry |
| 24:12 | Queue | Knight |
| 24:34 | Build | Farm |
| 24:35 | Build | Farm |
| 24:37 | Build | Farm |
| 24:41 | Queue | Villager (Male) |
| 24:42 | Queue | Villager (Male) |
| 24:49 | Build | Farm |
| 24:55 | Build | Farm |
| 24:57 | Queue | Villager (Male) |
| 24:59 | Queue | Villager (Male) |
| 24:59 | Queue | Villager (Male) |
| 25:02 | Build | Farm |
| 25:07 | Queue | Villager (Male) |
| 25:07 | Queue | Villager (Male) |
| 25:18 | Queue | Knight |
| 25:40 | Build | Farm |
| 25:53 | Queue | Villager (Male) |
| 25:54 | Queue | Villager (Male) |
| 25:55 | Queue | Villager (Male) |
| 25:55 | Queue | Villager (Male) |
| 25:58 | Queue | Villager (Male) |
| 26:06 | Build | Castle |
| 26:08 | Build | Mining Camp |
| 26:24 | Build | Farm |
| 26:26 | Queue | Villager (Male) |
Build order — PJtheDcoy
First 150 of 277 actions detected
| 0:01 | Queue | Villager (Male) |
| 0:01 | Queue | Villager (Male) |
| 0:02 | Queue | Villager (Male) |
| 0:03 | Build | House |
| 0:04 | Build | House |
| 0:10 | Queue | Villager (Male) |
| 1:29 | Queue | Villager (Male) |
| 1:49 | Build | Lumber Camp |
| 1:51 | Queue | Villager (Male) |
| 2:28 | Queue | Villager (Male) |
| 2:52 | Queue | Villager (Male) |
| 2:58 | Queue | Villager (Male) |
| 3:26 | Build | House |
| 3:47 | Queue | Villager (Male) |
| 4:04 | Queue | Villager (Male) |
| 4:22 | Queue | Villager (Male) |
| 4:50 | Queue | Villager (Male) |
| 5:13 | Queue | Villager (Male) |
| 5:20 | Build | House |
| 5:42 | Queue | Villager (Male) |
| 5:42 | Queue | Villager (Male) |
| 5:43 | Queue | Villager (Male) |
| 5:56 | Build | Mill |
| 6:45 | Queue | Villager (Male) |
| 7:06 | Build | Mining Camp |
| 7:11 | Build | Mining Camp |
| 7:20 | Queue | Villager (Male) |
| 7:46 | Queue | Villager (Male) |
| 7:46 | Queue | Villager (Male) |
| 7:48 | Queue | Villager (Male) |
| 7:55 | Build | House |
| 9:44 | Research | Loom |
| 9:45 | Research | Feudal Age |
| 9:45 | Research | Feudal Age |
| 9:53 | Queue | Villager (Male) |
| 9:53 | Queue | Villager (Male) |
| 11:57 | Age | Feudal Age |
| 12:03 | Build | Market |
| 12:11 | Build | Blacksmith |
| 12:25 | Research | Loom |
| 13:01 | Research | Castle Age |
| 13:25 | Research | Horse Collar |
| 13:32 | Research | Double-Bit Axe |
| 13:40 | Build | Farm |
| 13:41 | Build | Farm |
| 13:41 | Build | Farm |
| 13:42 | Build | Farm |
| 14:17 | Build | Farm |
| 14:18 | Build | Farm |
| 14:24 | Build | Farm |
| 14:25 | Build | Farm |
| 14:31 | Queue | Villager (Male) |
| 14:31 | Queue | Villager (Male) |
| 14:45 | Build | House |
| 14:49 | Build | Barracks |
| 15:32 | Research | Gold Mining |
| 15:52 | Age | Castle Age |
| 15:56 | Build | Castle |
| 16:21 | Queue | Villager (Male) |
| 16:21 | Queue | Villager (Male) |
| 16:36 | Build | Siege Workshop |
| 17:12 | Research | Wheelbarrow |
| 17:24 | Build | Farm |
| 17:25 | Build | Farm |
| 17:27 | Build | Farm |
| 17:28 | Build | Farm |
| 17:29 | Build | Farm |
| 17:52 | Queue | Gbeto |
| 17:52 | Queue | Gbeto |
| 17:57 | Queue | Battering Ram |
| 18:02 | Queue | Gbeto |
| 18:05 | Queue | Villager (Male) |
| 18:19 | Build | Farm |
| 18:26 | Build | Farm |
| 18:30 | Queue | Gbeto |
| 18:36 | Queue | Battering Ram |
| 18:43 | Queue | Gbeto |
| 18:50 | Queue | Gbeto |
| 19:07 | Queue | Villager (Male) |
| 19:14 | Build | Farm |
| 19:22 | Queue | Gbeto |
| 19:24 | Queue | Gbeto |
| 19:36 | Queue | Villager (Male) |
| 19:41 | Build | Farm |
| 19:45 | Queue | Villager (Male) |
| 19:56 | Queue | Gbeto |
| 20:10 | Build | Farm |
| 20:13 | Queue | Villager (Male) |
| 20:15 | Queue | Gbeto |
| 20:31 | Research | Squires |
| 20:47 | Queue | Gbeto |
| 20:47 | Queue | Gbeto |
| 20:52 | Queue | Villager (Male) |
| 20:56 | Queue | Villager (Male) |
| 21:08 | Queue | Gbeto |
| 21:22 | Research | Forging |
| 21:35 | Build | Town Center |
| 21:42 | Queue | Gbeto |
| 21:54 | Research | Scale Mail Armor |
| 21:58 | Queue | Villager (Male) |
| 22:29 | Queue | Gbeto |
| 22:29 | Queue | Gbeto |
| 22:38 | Build | House |
| 22:39 | Build | House |
| 22:40 | Build | House |
| 22:41 | Build | House |
| 22:43 | Research | Town Watch |
| 22:44 | Queue | Villager (Male) |
| 22:44 | Queue | Villager (Male) |
| 22:54 | Research | Heavy Plow |
| 23:46 | Research | Chain Mail Armor |
| 24:33 | Queue | Battering Ram |
| 24:33 | Queue | Battering Ram |
| 24:35 | Queue | Gbeto ×5 |
| 24:36 | Queue | Gbeto |
| 24:41 | Build | Farm |
| 24:44 | Queue | Villager (Male) |
| 24:44 | Queue | Villager (Male) |
| 24:45 | Queue | Villager (Male) |
| 24:45 | Queue | Villager (Male) |
| 25:21 | Research | Iron Casting |
| 25:54 | Queue | Gbeto ×4 |
| 25:57 | Queue | Villager (Male) |
| 26:02 | Build | Farm |
| 26:02 | Build | Farm |
| 26:51 | Queue | Villager (Male) ×5 |
| 26:51 | Queue | Villager (Male) |
| 27:42 | Queue | Gbeto ×5 |
| 27:43 | Queue | Villager (Male) ×3 |
| 27:52 | Build | House |
| 27:52 | Build | House |
| 27:53 | Build | House |
| 27:53 | Build | House |
| 28:15 | Research | Arson |
| 28:17 | Queue | Gbeto |
| 28:17 | Queue | Gbeto |
| 28:46 | Queue | Villager (Male) ×5 |
| 30:56 | Queue | Gbeto ×5 |
| 31:00 | Research | Hand Cart |
| 31:02 | Queue | Villager (Male) ×5 |
| 31:06 | Build | Farm |
| 31:08 | Build | Farm |
| 31:11 | Build | Farm |
| 31:20 | Build | Town Center |
| 32:03 | Build | Farm |
| 32:04 | Build | Farm |
| 32:05 | Build | Farm |
| 32:05 | Build | Farm |
| 32:08 | Build | Farm |
| 32:49 | Research | Imperial Age |
Build order — [GDL] NEURON MX
First 150 of 281 actions detected
| 0:02 | Build | House |
| 0:03 | Queue | Villager (Male) |
| 0:03 | Queue | Villager (Male) |
| 0:03 | Queue | Villager (Male) |
| 0:04 | Build | House |
| 0:11 | Queue | Villager (Male) |
| 1:32 | Queue | Villager (Male) |
| 1:36 | Queue | Villager (Male) |
| 2:23 | Queue | Villager (Male) |
| 2:24 | Queue | Villager (Male) |
| 2:56 | Queue | Villager (Male) |
| 3:00 | Build | Mule Cart |
| 3:21 | Queue | Villager (Male) |
| 3:41 | Queue | Villager (Male) |
| 3:41 | Queue | Villager (Male) |
| 4:10 | Queue | Villager (Male) |
| 4:11 | Queue | Villager (Male) |
| 4:13 | Build | House |
| 4:17 | Build | House |
| 5:17 | Queue | Villager (Male) |
| 5:30 | Queue | Villager (Male) |
| 5:35 | Queue | Villager (Male) |
| 5:55 | Build | Mill |
| 6:39 | Queue | Villager (Male) |
| 6:57 | Build | Farm |
| 7:00 | Build | Farm |
| 7:04 | Queue | Villager (Male) |
| 7:31 | Queue | Villager (Male) |
| 7:37 | Build | Mule Cart |
| 7:49 | Build | Farm |
| 7:51 | Queue | Villager (Male) |
| 8:23 | Research | Feudal Age |
| 9:12 | Build | House |
| 9:14 | Build | Palisade Wall |
| 10:30 | Queue | Villager (Male) |
| 10:33 | Age | Feudal Age |
| 10:35 | Build | Market |
| 10:38 | Build | Blacksmith |
| 10:40 | Queue | Villager (Male) |
| 11:29 | Research | Castle Age |
| 13:04 | Build | House |
| 13:05 | Build | House |
| 13:06 | Build | House |
| 13:14 | Research | Double-Bit Axe |
| 13:16 | Research | Horse Collar |
| 14:05 | Queue | Villager (Male) |
| 14:09 | Age | Castle Age |
| 14:21 | Build | Monastery |
| 14:30 | Queue | Villager (Male) |
| 15:17 | Build | Farm |
| 15:19 | Queue | Villager (Male) |
| 15:19 | Queue | Villager (Male) |
| 15:23 | Research | Loom |
| 15:23 | Queue | Villager (Male) |
| 15:24 | Queue | Villager (Male) |
| 16:00 | Build | Castle |
| 16:02 | Queue | Villager (Male) |
| 16:12 | Queue | Warrior Priest |
| 16:14 | Queue | Villager (Male) |
| 16:14 | Queue | Villager (Male) |
| 16:17 | Build | Farm |
| 16:20 | Queue | Villager (Male) |
| 16:57 | Queue | Villager (Male) |
| 16:57 | Queue | Villager (Male) |
| 17:03 | Queue | Villager (Male) |
| 17:07 | Queue | Monk |
| 17:12 | Build | Farm |
| 17:13 | Build | Farm |
| 17:26 | Build | Mule Cart |
| 17:39 | Queue | Warrior Priest |
| 18:26 | Queue | Villager (Male) |
| 18:26 | Queue | Villager (Male) |
| 18:27 | Queue | Villager (Male) |
| 18:34 | Queue | Villager (Male) |
| 18:58 | Queue | Warrior Priest |
| 18:58 | Queue | Monk |
| 19:01 | Build | Farm |
| 19:01 | Build | Farm |
| 19:01 | Build | Farm |
| 19:02 | Build | Farm |
| 19:02 | Build | Farm |
| 19:24 | Queue | Villager (Male) |
| 19:42 | Queue | Villager (Male) |
| 19:49 | Build | Farm |
| 19:49 | Build | Farm |
| 19:49 | Build | Farm |
| 19:50 | Build | Farm |
| 19:50 | Queue | Villager (Male) |
| 20:08 | Queue | Warrior Priest |
| 20:36 | Queue | Composite Bowman |
| 20:36 | Queue | Composite Bowman |
| 20:36 | Queue | Composite Bowman |
| 20:36 | Queue | Composite Bowman |
| 20:39 | Queue | Villager (Male) |
| 20:39 | Queue | Villager (Male) |
| 20:50 | Research | Fletching |
| 21:06 | Build | Farm |
| 21:06 | Build | Farm |
| 21:07 | Build | Farm |
| 21:07 | Build | Farm |
| 21:07 | Build | Farm |
| 21:07 | Build | Farm |
| 21:08 | Build | Farm |
| 21:17 | Queue | Villager (Male) |
| 21:30 | Build | Farm |
| 21:31 | Build | Farm |
| 21:31 | Build | Farm |
| 21:31 | Build | Farm |
| 21:38 | Build | Farm |
| 21:38 | Build | Farm |
| 21:39 | Build | Farm |
| 21:40 | Queue | Villager (Male) |
| 22:05 | Build | Farm |
| 22:06 | Queue | Villager (Male) |
| 22:56 | Research | Imperial Age |
| 23:26 | Research | Forging |
| 23:32 | Build | Barracks |
| 23:38 | Research | Bow Saw |
| 23:40 | Research | Heavy Plow |
| 24:22 | Research | Man-at-Arms (upgrade) |
| 24:23 | Research | Gambesons |
| 24:33 | Build | Siege Workshop |
| 24:51 | Queue | Composite Bowman |
| 24:55 | Build | Farm |
| 25:15 | Queue | Composite Bowman |
| 25:16 | Queue | Composite Bowman |
| 25:16 | Queue | Composite Bowman |
| 25:19 | Queue | Composite Bowman |
| 25:20 | Queue | Composite Bowman |
| 25:20 | Queue | Composite Bowman |
| 25:22 | Research | Fletching |
| 25:40 | Research | Long Swordsman (upgrade) |
| 25:42 | Research | Squires |
| 25:51 | Research | Squires |
| 25:51 | Queue | Militia |
| 25:56 | Build | Barracks |
| 26:07 | Age | Imperial Age |
| 26:19 | Queue | Trebuchet (Packed) |
| 26:29 | Research | Bodkin Arrow |
| 26:31 | Research | Wheelbarrow |
| 26:43 | Research | Two-Handed Swordsman (upgrade) |
| 26:52 | Queue | Militia ×4 |
| 26:53 | Queue | Militia ×4 |
| 27:02 | Research | Scale Mail Armor |
| 27:09 | Queue | Trebuchet (Packed) |
| 27:10 | Queue | Trebuchet (Packed) |
| 27:39 | Research | Pikeman (upgrade) |
| 27:40 | Queue | Villager (Male) |
| 27:41 | Queue | Villager (Male) |
| 27:51 | Build | House |
Build order — JustNobody
First 150 of 439 actions detected
| 0:01 | Queue | Villager (Male) |
| 0:02 | Build | House |
| 0:04 | Build | House |
| 0:07 | Queue | Villager (Male) ×3 |
| 1:38 | Queue | Villager (Male) |
| 1:38 | Queue | Villager (Male) |
| 1:45 | Build | Lumber Camp |
| 2:18 | Queue | Villager (Male) |
| 2:22 | Queue | Villager (Male) |
| 2:22 | Queue | Villager (Male) |
| 2:54 | Build | House |
| 3:28 | Queue | Villager (Male) |
| 3:28 | Queue | Villager (Male) |
| 3:44 | Queue | Villager (Male) |
| 3:44 | Queue | Villager (Male) |
| 3:52 | Queue | Villager (Male) |
| 3:53 | Queue | Villager (Male) |
| 4:36 | Queue | Villager (Male) |
| 4:46 | Build | Mill |
| 5:00 | Queue | Villager (Male) |
| 5:00 | Queue | Villager (Male) |
| 5:39 | Queue | Villager (Male) |
| 5:40 | Build | House |
| 6:09 | Queue | Villager (Male) |
| 6:09 | Queue | Villager (Male) |
| 6:29 | Queue | Villager (Male) |
| 7:15 | Build | Mining Camp |
| 7:46 | Queue | Villager (Male) |
| 7:46 | Queue | Villager (Male) |
| 8:03 | Build | Lumber Camp |
| 8:13 | Queue | Villager (Male) |
| 8:18 | Build | House |
| 8:27 | Research | Feudal Age |
| 9:10 | Queue | Villager (Male) |
| 9:36 | Queue | Villager (Male) |
| 9:39 | Build | Farm |
| 9:59 | Build | Farm |
| 10:46 | Age | Feudal Age |
| 10:51 | Build | Market |
| 10:59 | Research | Loom |
| 11:20 | Build | Blacksmith |
| 12:04 | Build | Mining Camp |
| 12:05 | Research | Castle Age |
| 12:06 | Research | Castle Age |
| 12:22 | Research | Double-Bit Axe |
| 12:22 | Research | Double-Bit Axe |
| 12:49 | Research | Horse Collar |
| 12:49 | Research | Horse Collar |
| 13:34 | Build | Farm |
| 13:47 | Build | House |
| 14:08 | Build | House |
| 14:24 | Build | Farm |
| 14:26 | Build | Farm |
| 14:30 | Build | Palisade Wall |
| 14:45 | Age | Castle Age |
| 14:50 | Build | Town Center |
| 15:06 | Queue | Villager (Male) |
| 15:06 | Queue | Villager (Male) |
| 15:23 | Build | Outpost |
| 15:28 | Research | Town Watch |
| 15:29 | Research | Wheelbarrow |
| 15:32 | Queue | Villager (Male) |
| 15:33 | Build | Farm |
| 15:59 | Build | Outpost |
| 16:08 | Queue | Villager (Male) |
| 16:08 | Queue | Villager (Male) |
| 16:27 | Build | Farm |
| 16:34 | Build | Farm |
| 16:42 | Build | Farm |
| 16:43 | Queue | Villager (Male) |
| 16:54 | Research | Bow Saw |
| 16:55 | Research | Bow Saw |
| 17:22 | Build | Farm |
| 17:23 | Queue | Villager (Male) |
| 17:32 | Queue | Villager (Male) |
| 17:42 | Queue | Villager (Male) |
| 17:42 | Queue | Villager (Male) |
| 17:47 | Build | Farm |
| 17:48 | Queue | Villager (Male) |
| 17:49 | Queue | Villager (Male) |
| 17:58 | Build | Farm |
| 18:00 | Queue | Villager (Male) |
| 18:19 | Build | Castle |
| 18:23 | Queue | Villager (Male) |
| 18:25 | Build | Farm |
| 18:38 | Queue | Villager (Male) |
| 18:38 | Queue | Villager (Male) |
| 18:44 | Build | Farm |
| 18:47 | Build | Farm |
| 18:56 | Queue | Villager (Male) |
| 18:56 | Queue | Villager (Male) |
| 19:11 | Build | House |
| 19:15 | Build | Farm |
| 19:16 | Queue | Villager (Male) |
| 19:17 | Queue | Villager (Male) |
| 19:31 | Queue | Villager (Male) |
| 19:39 | Build | University |
| 19:41 | Queue | Villager (Male) |
| 19:49 | Build | Farm |
| 19:51 | Queue | Villager (Male) |
| 19:56 | Build | Farm |
| 19:59 | Build | Farm |
| 20:01 | Build | Farm |
| 20:15 | Queue | Villager (Male) |
| 20:22 | Research | Heavy Plow |
| 20:22 | Research | Heavy Plow |
| 20:34 | Queue | Villager (Male) |
| 20:42 | Queue | Villager (Male) |
| 20:53 | Queue | Villager (Male) |
| 20:54 | Queue | Villager (Male) |
| 20:58 | Build | Farm |
| 21:03 | Build | Farm |
| 21:06 | Build | Farm |
| 21:07 | Queue | Villager (Male) |
| 21:07 | Queue | Villager (Male) |
| 21:14 | Build | Barracks |
| 21:24 | Build | House |
| 21:26 | Build | House |
| 21:27 | Build | House |
| 21:29 | Queue | Villager (Male) |
| 21:29 | Queue | Villager (Male) |
| 21:43 | Queue | Villager (Male) |
| 21:44 | Queue | Villager (Male) |
| 22:02 | Build | Farm |
| 22:06 | Build | Mill |
| 22:07 | Build | Farm |
| 22:10 | Build | Farm |
| 22:12 | Build | Farm |
| 22:14 | Queue | Villager (Male) |
| 22:39 | Build | Siege Workshop |
| 22:42 | Queue | Villager (Male) |
| 22:43 | Queue | Villager (Male) |
| 22:47 | Build | House |
| 22:49 | Build | House |
| 22:52 | Build | House |
| 23:08 | Queue | Mangonel |
| 23:20 | Build | Gate |
| 23:23 | Queue | Villager (Male) |
| 23:23 | Queue | Villager (Male) |
| 23:34 | Queue | Villager (Male) |
| 23:45 | Queue | Villager (Male) |
| 23:45 | Queue | Villager (Male) |
| 23:50 | Queue | Hussite Wagon |
| 23:50 | Queue | Hussite Wagon |
| 24:11 | Queue | Villager (Male) |
| 24:12 | Queue | Villager (Male) |
| 24:19 | Queue | Mangonel |
| 24:26 | Build | Archery Range |
| 24:28 | Build | Archery Range |
| 24:38 | Queue | Hussite Wagon |
Build order — Quando
First 150 of 495 actions detected
| 0:02 | Queue | Villager (Male) |
| 0:02 | Queue | Villager (Male) |
| 0:02 | Queue | Villager (Male) |
| 0:03 | Build | House |
| 0:05 | Build | House |
| 0:21 | Queue | Villager (Male) |
| 0:21 | Queue | Villager (Male) |
| 1:42 | Queue | Villager (Male) |
| 1:43 | Queue | Villager (Male) |
| 1:46 | Build | Lumber Camp |
| 1:50 | Build | Lumber Camp |
| 2:32 | Queue | Villager (Male) |
| 2:32 | Queue | Villager (Male) |
| 3:03 | Queue | Villager (Male) |
| 3:40 | Queue | Villager (Male) |
| 3:56 | Queue | Villager (Male) |
| 4:01 | Build | House |
| 4:02 | Build | House |
| 4:03 | Build | House |
| 4:38 | Queue | Villager (Male) |
| 4:38 | Queue | Villager (Male) |
| 4:39 | Queue | Villager (Male) |
| 5:09 | Build | House |
| 5:09 | Build | House |
| 5:16 | Queue | Villager (Male) |
| 5:23 | Build | Mill |
| 5:48 | Queue | Villager (Male) |
| 5:56 | Queue | Villager (Male) |
| 6:54 | Queue | Villager (Male) |
| 7:25 | Build | Farm |
| 7:28 | Build | Farm |
| 7:32 | Queue | Villager (Male) |
| 7:59 | Queue | Villager (Male) |
| 8:01 | Queue | Villager (Male) |
| 8:28 | Research | Feudal Age |
| 8:31 | Build | Mining Camp |
| 9:04 | Queue | Villager (Male) |
| 9:04 | Queue | Villager (Male) |
| 10:59 | Age | Feudal Age |
| 11:01 | Build | Market |
| 11:05 | Build | Blacksmith |
| 11:52 | Research | Castle Age |
| 12:23 | Research | Double-Bit Axe |
| 12:34 | Research | Horse Collar |
| 12:37 | Build | Farm |
| 12:40 | Build | Farm |
| 13:19 | Queue | Villager (Male) |
| 13:20 | Queue | Villager (Male) |
| 14:32 | Age | Castle Age |
| 14:37 | Build | Town Center |
| 14:40 | Build | Town Center |
| 14:43 | Build | Monastery |
| 14:50 | Queue | Villager (Male) |
| 14:57 | Research | Bow Saw |
| 15:06 | Queue | Villager (Male) |
| 15:23 | Build | Farm |
| 15:27 | Queue | Monk |
| 15:40 | Research | Heavy Plow |
| 15:56 | Build | Farm |
| 15:59 | Build | Farm |
| 16:02 | Queue | Villager (Male) |
| 16:02 | Queue | Villager (Male) |
| 16:02 | Queue | Villager (Male) |
| 16:23 | Queue | Monk |
| 16:25 | Build | Farm |
| 16:27 | Build | Farm |
| 16:30 | Build | Farm |
| 16:32 | Queue | Villager (Male) |
| 16:32 | Queue | Villager (Male) |
| 16:38 | Build | House |
| 16:49 | Build | House |
| 16:50 | Build | House |
| 16:52 | Build | House |
| 16:53 | Build | House |
| 16:59 | Queue | Villager (Male) |
| 16:59 | Queue | Villager (Male) |
| 17:12 | Build | House |
| 17:13 | Build | House |
| 17:15 | Queue | Villager (Male) |
| 17:27 | Queue | Villager (Male) |
| 17:31 | Build | Barracks |
| 17:40 | Queue | Villager (Male) |
| 17:40 | Queue | Villager (Male) |
| 17:43 | Build | Farm |
| 17:55 | Queue | Villager (Male) |
| 18:03 | Build | Farm |
| 18:03 | Build | Farm |
| 18:03 | Build | Farm |
| 18:03 | Build | Farm |
| 18:04 | Build | Farm |
| 18:04 | Build | Farm |
| 18:06 | Queue | Villager (Male) |
| 18:06 | Queue | Villager (Male) |
| 18:12 | Queue | Monk |
| 18:21 | Queue | Villager (Male) |
| 18:26 | Research | Loom |
| 18:30 | Build | House |
| 18:31 | Build | House |
| 18:33 | Build | University |
| 18:34 | Queue | Spearman |
| 18:45 | Build | Farm |
| 18:51 | Queue | Villager (Male) |
| 18:51 | Queue | Villager (Male) |
| 18:59 | Build | Farm |
| 19:04 | Build | House |
| 19:05 | Build | House |
| 19:05 | Build | House |
| 19:06 | Build | House |
| 19:18 | Queue | Villager (Male) |
| 19:19 | Queue | Villager (Male) |
| 19:19 | Queue | Villager (Male) |
| 19:24 | Queue | Villager (Male) |
| 19:24 | Queue | Villager (Male) |
| 19:44 | Queue | Villager (Male) |
| 19:45 | Queue | Villager (Male) |
| 19:45 | Queue | Villager (Male) |
| 19:53 | Queue | Villager (Male) |
| 19:58 | Build | Mill |
| 19:59 | Build | Farm |
| 19:59 | Build | Farm |
| 19:59 | Build | Farm |
| 20:00 | Build | Farm |
| 20:00 | Build | Farm |
| 20:00 | Build | Farm |
| 20:01 | Build | Farm |
| 20:05 | Queue | Villager (Male) |
| 20:06 | Queue | Villager (Male) |
| 20:08 | Build | Farm |
| 20:11 | Queue | Monk |
| 20:20 | Build | Mining Camp |
| 20:22 | Queue | Villager (Male) |
| 20:22 | Queue | Villager (Male) |
| 20:23 | Build | House |
| 20:24 | Build | House |
| 20:38 | Queue | Villager (Male) |
| 20:38 | Queue | Villager (Male) |
| 20:40 | Build | Farm |
| 20:46 | Queue | Villager (Male) |
| 20:54 | Build | House |
| 20:55 | Build | House |
| 21:01 | Queue | Villager (Male) |
| 21:01 | Queue | Villager (Male) |
| 21:02 | Queue | Villager (Male) |
| 21:08 | Build | House |
| 21:08 | Build | House |
| 21:16 | Build | Lumber Camp |
| 21:19 | Queue | Villager (Male) |
| 21:19 | Queue | Villager (Male) |
| 21:25 | Queue | Villager (Male) |
| 21:25 | Queue | Villager (Male) |
Build order — Black.Sanchez
First 150 of 384 actions detected
| 0:01 | Queue | Villager (Male) |
| 0:01 | Queue | Villager (Male) |
| 0:02 | Queue | Villager (Male) |
| 0:02 | Queue | Villager (Male) |
| 0:02 | Queue | Villager (Male) |
| 0:04 | Build | House |
| 0:05 | Build | House |
| 1:32 | Queue | Villager (Male) |
| 1:32 | Queue | Villager (Male) |
| 1:48 | Build | Lumber Camp |
| 1:53 | Queue | Villager (Male) |
| 1:53 | Queue | Villager (Male) |
| 2:44 | Queue | Villager (Male) |
| 2:44 | Queue | Villager (Male) |
| 2:44 | Queue | Villager (Male) |
| 2:57 | Build | House |
| 2:59 | Build | House |
| 3:02 | Queue | Villager (Male) |
| 3:03 | Queue | Villager (Male) |
| 3:52 | Queue | Villager (Male) |
| 3:53 | Queue | Villager (Male) |
| 3:53 | Queue | Villager (Male) |
| 4:27 | Queue | Villager (Male) |
| 4:27 | Queue | Villager (Male) |
| 4:27 | Queue | Villager (Male) |
| 4:27 | Queue | Villager (Male) |
| 5:19 | Queue | Villager (Male) |
| 5:43 | Build | Mining Camp |
| 5:56 | Build | Mill |
| 6:03 | Queue | Villager (Male) |
| 6:03 | Queue | Villager (Male) |
| 6:03 | Queue | Villager (Male) |
| 6:31 | Queue | Villager (Male) |
| 6:32 | Queue | Villager (Male) |
| 6:32 | Queue | Villager (Male) |
| 6:37 | Queue | Villager (Male) |
| 8:16 | Research | Feudal Age |
| 8:16 | Research | Feudal Age |
| 8:17 | Research | Feudal Age |
| 8:27 | Build | House |
| 8:30 | Build | House |
| 8:31 | Build | House |
| 8:32 | Build | House |
| 10:20 | Queue | Villager (Male) |
| 10:20 | Queue | Villager (Male) |
| 10:25 | Age | Feudal Age |
| 10:30 | Build | Market |
| 10:33 | Build | Blacksmith |
| 10:36 | Research | Double-Bit Axe |
| 10:38 | Research | Horse Collar |
| 10:41 | Queue | Villager (Male) |
| 10:44 | Queue | Villager (Male) |
| 11:13 | Queue | Villager (Male) |
| 11:19 | Build | Farm |
| 11:21 | Build | Farm |
| 11:22 | Build | Farm |
| 11:24 | Build | Farm |
| 11:49 | Build | Farm |
| 12:04 | Build | House |
| 12:22 | Queue | Villager (Male) |
| 12:22 | Queue | Villager (Male) |
| 12:23 | Queue | Villager (Male) |
| 12:23 | Queue | Villager (Male) |
| 12:31 | Build | Farm |
| 12:38 | Build | Farm |
| 14:00 | Queue | Villager (Male) |
| 14:19 | Research | Castle Age |
| 14:27 | Build | Farm |
| 14:29 | Build | Farm |
| 14:30 | Build | Farm |
| 14:32 | Build | Farm |
| 14:34 | Build | Farm |
| 14:35 | Build | Farm |
| 14:38 | Build | Mining Camp |
| 14:59 | Build | Farm |
| 15:02 | Build | Farm |
| 15:27 | Research | Stone Mining |
| 15:29 | Research | Gold Mining |
| 16:00 | Queue | Villager (Male) |
| 16:01 | Queue | Villager (Male) |
| 16:45 | Research | Scale Barding Armor |
| 16:49 | Age | Castle Age |
| 16:54 | Build | Monastery |
| 17:02 | Queue | Villager (Male) |
| 17:07 | Build | Town Center |
| 17:12 | Queue | Villager (Male) |
| 17:20 | Queue | Monk |
| 17:21 | Queue | Monk |
| 17:35 | Queue | Villager (Male) |
| 17:41 | Research | Bow Saw |
| 18:08 | Queue | Villager (Male) |
| 18:18 | Queue | Villager (Male) |
| 18:18 | Queue | Villager (Male) |
| 18:19 | Queue | Villager (Male) |
| 18:19 | Queue | Villager (Male) |
| 18:36 | Queue | Monk |
| 18:47 | Queue | Villager (Male) |
| 18:47 | Queue | Villager (Male) |
| 18:48 | Queue | Villager (Male) |
| 18:53 | Build | Town Center |
| 19:01 | Research | Stone Shaft Mining |
| 19:52 | Queue | Villager (Male) |
| 19:52 | Queue | Villager (Male) |
| 19:53 | Queue | Villager (Male) |
| 19:53 | Queue | Villager (Male) |
| 19:53 | Queue | Villager (Male) |
| 20:01 | Research | Loom |
| 20:30 | Queue | Villager (Male) |
| 20:30 | Queue | Villager (Male) |
| 20:31 | Queue | Villager (Male) |
| 20:31 | Queue | Villager (Male) |
| 20:32 | Queue | Villager (Male) |
| 20:32 | Queue | Villager (Male) |
| 20:36 | Build | House |
| 20:41 | Build | House |
| 20:42 | Build | House |
| 20:44 | Build | House |
| 20:45 | Build | House |
| 20:46 | Build | House |
| 20:54 | Queue | Villager (Male) ×2 |
| 20:54 | Queue | Villager (Male) ×2 |
| 20:55 | Queue | Villager (Male) ×2 |
| 20:59 | Build | Farm |
| 21:00 | Build | Farm |
| 21:02 | Build | Farm |
| 21:34 | Queue | Villager (Male) |
| 21:34 | Queue | Villager (Male) |
| 21:35 | Queue | Villager (Male) |
| 21:35 | Queue | Villager (Male) |
| 21:54 | Build | Castle |
| 22:30 | Queue | Villager (Male) |
| 22:30 | Queue | Villager (Male) |
| 22:31 | Queue | Villager (Male) |
| 22:31 | Queue | Villager (Male) |
| 22:31 | Queue | Villager (Male) |
| 22:45 | Build | House |
| 22:48 | Build | House |
| 22:49 | Build | House |
| 22:50 | Build | House |
| 22:54 | Build | House |
| 22:57 | Build | House |
| 22:58 | Build | House |
| 23:00 | Build | Mining Camp |
| 23:28 | Queue | Villager (Male) |
| 23:28 | Queue | Villager (Male) |
| 23:28 | Queue | Villager (Male) |
| 23:29 | Queue | Villager (Male) |
| 23:29 | Queue | Villager (Male) |
| 23:29 | Queue | Villager (Male) |
| 23:30 | Queue | Villager (Male) |
Match timeline
| 9:14 | [GDL] NEURON MX · wall_segment Palisade Wall x1 |
| 10:25 | Black.Sanchez · age_up feudal |
| 10:32 | Fr4ggi · first_building Barracks |
| 10:33 | [GDL] NEURON MX · age_up feudal |
| 10:46 | JustNobody · age_up feudal |
| 10:54 | Fr4ggi · age_up feudal |
| 10:59 | Quando · age_up feudal |
| 11:57 | PJtheDcoy · age_up feudal |
| 12:28 | Fr4ggi · first_building Stable |
| 14:09 | [GDL] NEURON MX · age_up castle |
| 14:16 | [GDL] NEURON MX · first_market_buy 100 wood |
| 14:21 | [GDL] NEURON MX · first_building Monastery |
| 14:30 | JustNobody · wall_segment Palisade Wall x1 |
| 14:32 | Quando · age_up castle |
| 14:43 | Quando · first_building Monastery |
| 14:45 | JustNobody · age_up castle |
| 14:49 | PJtheDcoy · first_building Barracks |
| 15:52 | PJtheDcoy · age_up castle |
| 15:56 | PJtheDcoy · first_building Castle |
| 16:00 | [GDL] NEURON MX · first_building Castle |
| 16:02 | Fr4ggi · age_up castle |
| 16:36 | PJtheDcoy · first_building Siege Workshop |
| 16:49 | Black.Sanchez · age_up castle |
| 16:54 | Black.Sanchez · first_building Monastery |
| 17:31 | Quando · first_building Barracks |
| 18:19 | JustNobody · first_building Castle |
| 21:14 | JustNobody · first_building Barracks |
| 21:54 | Black.Sanchez · first_building Castle |
| 22:39 | JustNobody · first_building Siege Workshop |
| 23:07 | JustNobody · first_market_buy 100 wood |
| 23:32 | [GDL] NEURON MX · first_building Barracks |
| 23:46 | Quando · first_market_sell 100 wood |
| 23:55 | Quando · first_market_buy 100 food |
| 24:00 | Quando · first_building Siege Workshop |
| 24:07 | Black.Sanchez · first_building Barracks |
| 24:26 | JustNobody · first_building Archery Range |
| 24:33 | [GDL] NEURON MX · first_building Siege Workshop |
| 24:41 | Black.Sanchez · first_building Stable |
| 26:06 | Fr4ggi · first_building Castle |
| 26:07 | [GDL] NEURON MX · age_up imperial |
| 26:13 | Quando · first_building Castle |
| 26:45 | JustNobody · first_market_sell 100 wood |
| 27:06 | Quando · age_up imperial |
| 29:59 | Quando · first_building Archery Range |
| 30:56 | Fr4ggi · age_up imperial |
| 31:17 | Black.Sanchez · age_up imperial |
| 31:35 | Quando · wall_segment Stone Wall x1 |
| 31:46 | JustNobody · age_up imperial |
| 33:15 | PJtheDcoy · first_building Stable |
| 33:25 | Quando · wall_segment Stone Wall x3 |
| 34:40 | PJtheDcoy · first_building Archery Range |
| 35:59 | PJtheDcoy · age_up imperial |
| 39:32 | PJtheDcoy · first_market_buy 100 stone |
| 40:15 | Quando · wall_segment Stone Wall x1 |
| 41:42 | Fr4ggi · tribute_sent a jugador 1 |
| 41:42 | Fr4ggi · tribute_sent a jugador 2 |
| 41:42 | Fr4ggi · tribute_sent a jugador 4 |
| 41:42 | Fr4ggi · tribute_sent a jugador 5 |
| 41:42 | Fr4ggi · tribute_sent a jugador 6 |
| 46:40 | Black.Sanchez · first_building Archery Range |
| 48:08 | Fr4ggi · first_market_sell 500 wood |
| 50:33 | [GDL] NEURON MX · resign |
[ AI ANALYSIS · 1 CREDIT ]
What really happened in this match?
Wolo.gg analyzes every decision: build order, eco, micro, common mistakes by bracket. Personalized analysis on WhatsApp or Discord in 30 seconds.
Civ guide
Persians
Perfil
Jugador #6051949